 Dungeon Crawl Stone Soup version 0.31-a0-876-gfe8ebadbca (webtiles) character file.

Game seed: 2045613979196630985

1455435 MrSquiggles the Pyromancer (level 27, 154/154 HPs)
             Began as a Spriggan Wanderer on Oct 11, 2023.
             Was a High Priest of Nemelex Xobeh.
             Escaped with the Orb
             ... and 4 runes on Oct 13, 2023!
             The game lasted 08:45:50 (198204 turns).

MrSquiggles the Pyromancer (Spriggan Wanderer)    Turns: 198204, Time: 08:45:51

Health: 154/154    AC:  9    Str: 12    XL:     27
Magic:  47/48      EV: 32    Int: 30    God:    Nemelex Xobeh [*****.]
Gold:   3138       SH:  0    Dex: 23    Spells: 10/66 levels left

rFire   + + .        a - staff of Spores {Fly rC+ rN+ Int+2 Necro}
rCold   + + +        (shield currently unavailable)
rNeg    + + .        z - +5 steam dragon scales
rPois   +            b - -2 hat of the Alchemist {rElec rPois rF+ rC+ rN+ Will+ rMut rCorr}
rElec   +            i - scarf {rC+ rF+}
rCorr   +            (gloves unavailable)
SInv    +            (boots unavailable)
Will    ++++.        e - amulet of the acrobat
Stlth   +++          q - ring of the Suburbs {Wiz Str+3 Slay+2}
HPRegen 0.45/turn    h - ring "Sybrak" {Wiz rElec Will- Str+4 Dex+4}
MPRegen 0.31/turn

%: random rage (3%), acrobat, resist mutation, wizardry (x2)
@: flying, studying Throwing, very quick
A: very small, no large weapons, unfitting armour, see invisible, speed 3, thin
skeletal structure 1, berserk 1, deterioration 2, mutation resistance 1
0: Orb of Zot
}: 4/15 runes: barnacled, slimy, silver, gossamer
a: Renounce Religion, Draw Escape, Draw Destruction, Draw Summoning, Draw Stack,
Triple Draw, Deal Four, Stack Five


You escaped.
You worshipped Nemelex Xobeh.
Nemelex Xobeh was extremely pleased with you.
You visited 12 branches of the dungeon, and saw 56 of its levels.
You also visited: Bailey, Gauntlet and Wizlab.

You collected 11778 gold pieces.
You spent 8640 gold pieces at shops.

Inventory:

Hand Weapons
 B - a +9 lajatang of speed
Missiles
 o - 3 throwing nets
 y - 19 curare-tipped darts
 L - 18 datura-tipped darts
Armour
 b - the -2 hat of the Alchemist (worn) {rElec rPois rF+ rC+ rN+ Will+ rMut rCorr}
   (You found it on level 5 of the Vaults)

   rF+:       It protects you from fire.
   rC+:       It protects you from cold.
   rElec:     It insulates you from electricity.
   rPois:     It protects you from poison rN+: It protects you from negative
   energy.
   Will+:     It increases your willpower.
   rCorr:     It protects you from acid and corrosion.
   rMut:      It protects you from mutation.
 i - a scarf of resistance (worn)
 z - +5 steam dragon scales (worn)
 Y - a scarf of repulsion
Magical Staves
 a - the staff of Spores (weapon) {Fly rC+ rN+ Int+2 Necro}
   (You found it on level 14 of the Dungeon)

   [staff of death]

   Base accuracy: +5 Base damage: 5 Base attack delay: 1.2 This weapon's minimum
   attack delay (0.6) is reached at skill level 12.
   Int+2:     It affects your intelligence (+2).
   rC+:       It protects you from cold.
   rN+:       It protects you from negative energy.
   Fly:       It grants you flight.
   Necro:     It increases the power of your Necromancy spells.
   It falls into the 'Staves' category.
   It is a two-handed weapon.
Jewellery
 c - a ring "Mytyvixt" {+Blink Fly rF+ Will+ Int+6}
   (You found it on level 1 of the Depths)

   [ring of intelligence]

   Int+6:     It affects your intelligence (+6).
   rF+:       It protects you from fire.
   Will+:     It increases your willpower.
   Fly:       It grants you flight.
   +Blink:    It lets you blink.
 e - an amulet of the acrobat (around neck)
 h - the ring "Sybrak" (right hand) {Wiz rElec Will- Str+4 Dex+4}
   (You took it off a vault warden on level 5 of the Vaults)

   [ring of wizardry]

   Wiz:       It improves your spell success rate.
   Str+4:     It affects your strength (+4).
   Dex+4:     It affects your dexterity (+4).
   rElec:     It insulates you from electricity.
   Will-:     It decreases your willpower.
 q - the ring of the Suburbs (left hand) {Wiz Str+3 Slay+2}
   (You took it off a deep elf blademaster on level 3 of the Elven Halls)

   [ring of wizardry]

   Wiz:       It improves your spell success rate.
   Str+3:     It affects your strength (+3).
   Slay+2:    It affects your accuracy & damage with ranged weapons and melee
   (+2).
 G - a ring of positive energy
 M - the ring of Cowardice {rElec rPois rC+ Dex+3}
   (You took it off a centaur on level 7 of the Dungeon)

   [ring of protection from cold]

   Dex+3:     It affects your dexterity (+3).
   rC+:       It protects you from cold.
   rElec:     It insulates you from electricity.
   rPois:     It protects you from poison
 S - the ring of Wabed {Fire rN+ Will+ rCorr Str+2}
   (You bought it in a shop on level 14 of the Dungeon)

   [ring of fire]

   Fire:      It enhances your fire magic.
   Str+2:     It affects your strength (+2).
   rF+:       It protects you from fire.
   rC-:       It makes you vulnerable to cold.
   rN+:       It protects you from negative energy.
   Will+:     It increases your willpower.
   rCorr:     It protects you from acid and corrosion.
Talismans
 D - a talisman of death
Wands
 v - a wand of digging (10)
 E - a wand of charming (45)
 O - a wand of iceblast (42)
 R - a wand of mindburst (64)
 U - a wand of polymorph (32)
 W - a wand of quicksilver (20)
Scrolls
 g - 4 scrolls of silence
 k - 12 scrolls of fog
 s - 4 scrolls of butterflies
 t - 3 scrolls of revelation
 w - 10 scrolls of teleportation
 A - 5 scrolls of poison
 F - 9 scrolls of immolation
 H - 10 scrolls of noise
 N - 8 scrolls of fear
 X - 11 scrolls of vulnerability
 Z - 5 scrolls of blinking
Potions
 j - 10 potions of enlightenment
 l - 4 potions of lignification
 m - 47 potions of curing
 n - 13 potions of attraction
 p - 6 potions of cancellation
 u - 6 potions of invisibility
 x - 8 potions of haste
 C - 11 potions of brilliance
 I - 17 potions of might
 J - 7 potions of ambrosia
 K - 7 potions of resistance
 Q - 5 potions of magic
 V - 13 potions of heal wounds
Miscellaneous
 d - a tin of tremorstones (2/2)
 f - a phial of floods
 r - a sack of spiders
 P - a lightning rod (4/4)
 T - a phantom mirror


   Skills:
 + Level 19.1 Fighting
 - Level 6.0 Armour
 - Level 15.0 Dodging
 - Level 16.1 Stealth
 + Level 20.2 Spellcasting
 - Level 21.2 Conjurations
 - Level 5.0 Necromancy
 - Level 6.0 Transmutations
 - Level 21.2 Fire Magic
 - Level 2.0 Air Magic
 - Level 8.0 Earth Magic
 - Level 3.0 Poison Magic
 - Level 16.0 Invocations
 - Level 9.0 Evocations


You had 10 spell levels left.
You knew the following spells:

 Your Spells              Type           Power      Damage    Failure   Level
a - Bombard               Conj/Erth      43%        9d7       1%          6
b - Passwall              Tmut/Erth      53%        N/A       1%          2
c - Ignition              Fire           51%        3d14      1%          8
d - Poisonous Vapours     Pois/Air       90%        N/A       1%          2
e - Fire Storm            Conj/Fire      51%        8d13      5%          9
f - Ignite Poison         Fire/Tmut/Pois 74%        N/A       1%          3
h - Stone Arrow           Conj/Erth      100%       3d13      0%          3
i - Irradiate             Conj/Tmut      42%        3d25      1%          5
j - Foxfire               Conj/Fire      100%       2x1d9     0%          1
k - Fireball              Conj/Fire      51%        3d20      0%          5
m - Blink                 Tloc           60%        N/A       1%          2
n - Lee's Rapid Deconstr  Erth           34%        3d17*     1%          5
o - Borgnjor's Vile Clut  Necr/Erth      40%        N/A       1%          5

Your spell library contained the following spells:

 Spells                   Type           Power      Damage    Failure   Level
 Kiss of Death            Conj/Necr      100%       2d13      0%          1
 Shock                    Conj/Air       100%       1d9       0%          1
 Momentum Strike          Conj/Tloc      100%       3d10      0%          2
 Scorch                   Fire           100%       2d9       0%          2
 Static Discharge         Conj/Air       100%       2-7/arc   0%          2
 Flame Wave               Conj/Fire      100%       2d21      0%          4
 Sticky Flame             Conj/Fire      100%       2d11      0%          4
 Iskenderun's Battlesphe  Conj           100%       2d15      0%          5
 Freeze                   Ice            100%       1d10      1%          1
 Sandblast                Erth           100%       2d20      1%          1
 Slow                     Hex            100%       N/A       1%          1
 Sting                    Tmut/Pois      100%       1d8       1%          1
 Cigotuvi's Dreadful Rot  Necr/Pois/Air  100%       N/A       1%          2
 Ensorcelled Hibernation  Hex/Ice        60%        N/A       1%          2
 Lesser Beckoning         Tloc           60%        N/A       1%          2
 Sublimation of Blood     Necr           74%        N/A       1%          2
 Wereblood                Tmut           60%        N/A       1%          2
 Call Canine Familiar     Summ           30%        N/A       1%          3
 Confusing Touch          Hex            30%        N/A       1%          3
 Frozen Ramparts          Ice            60%        1d10      1%          3
 Gell's Gravitas          Tloc           30%        N/A       1%          3
 Hailstorm                Conj/Ice       76%        3d16      1%          3
 Mephitic Cloud           Conj/Pois/Air  70%        N/A       1%          3
 Ozocubu's Armour         Ice            30%        N/A       1%          3
 Sigil of Binding         Hex            30%        N/A       1%          3
 Summon Guardian Golem    Hex/Summ       30%        N/A       1%          3
 Swiftness                Air            42%        N/A       1%          3
 Teleport Other           Tloc           30%        N/A       1%          3
 Tukima's Dance           Hex            30%        N/A       1%          3
 Vampiric Draining        Necr           74%        2d11      1%          3
 Volatile Blastmotes      Fire/Tloc      100%       2d18      1%          3
 Airstrike                Air            21%        2d(3-19)  1%          4
 Anguish                  Hex/Necr       30%        N/A       1%          4
 Animate Armour           Summ/Erth      100%       N/A       1%          4
 Animate Dead             Necr           74%        N/A       1%          4
 Brom's Barrelling Bould  Conj/Erth      87%        2d10      1%          4
 Dispel Undead            Necr           74%        3d25      1%          4
 Fulminant Prism          Conj/Hex       38%        3d17      1%          4
 Iskenderun's Mystic Bla  Conj/Tloc      76%        2d15      1%          4
 Leda's Liquefaction      Hex/Erth       26%        N/A       1%          4
 Petrify                  Tmut/Erth      64%        N/A       1%          4
 Agony                    Necr           74%        N/A       1%          5
 Alistair's Intoxication  Tmut/Pois      36%        N/A       1%          5
 Arcjolt                  Conj/Air       39%        1d49      1%          5
 Freezing Cloud           Conj/Ice/Air   33%        6-21      1%          5
 Conjure Ball Lightning   Conj/Air       39%        3x3d13    1%          6
 Plasma Beam              Fire/Air       39%        2x1d53    1%          6
 Starburst                Conj/Fire      51%        6d14      1%          6
 Summon Lightning Spire   Summ/Air       36%        N/A       2%          4
 Vhi's Electric Charge    Tloc/Air       72%        N/A       2%          4
 Cause Fear               Hex            15%        N/A       3%          4
 Dimensional Bullseye     Hex/Tloc       15%        N/A       3%          4
 Manifold Assault         Tloc           30%        N/A       3%          4
 Spellforged Servitor     Conj/Summ      38%        N/A       3%          7
 Lehudib's Crystal Spear  Conj/Erth      43%        10d11     5%          8
 Silence                  Hex/Air        18%        N/A       6%          5
 Death Channel            Necr           37%        N/A       7%          6
 Eringya's Noxious Bog    Tmut/Pois      27%        4d6       9%          6
 Metabolic Englaciation   Hex/Ice        15%        N/A       10%         5
 Summon Forest            Summ/Tloc      15%        N/A       10%         5
 Simulacrum               Ice/Necr       30%        N/A       17%         6
 Dispersal                Tloc           15%        N/A       41%         6
 Summon Cactus Giant      Summ           15%        N/A       41%         6
 Haunt                    Necr/Summ      30%        N/A       65%         7
 Enfeeble                 Hex            15%        N/A       92%         7
 Ozocubu's Refrigeration  Ice            15%        4d10      92%         7
 Summon Hydra             Summ           15%        N/A       92%         7
 Borgnjor's Revivificati  Necr           37%        N/A       92%         8
 Infestation              Necr           37%        N/A       92%         8
 Discord                  Hex            15%        N/A       100%        8
 Disjunction              Tloc           15%        N/A       100%        8
 Maxwell's Capacitive Co  Air            21%        ∞         100%        8
 Death's Door             Necr           37%        N/A       100%        9
 Dragon's Call            Summ           15%        N/A       100%        9


Dungeon Overview and Level Annotations

Branches:
Dungeon (15/15)            Temple (1/1) D:5            Lair (5/5) D:10
 Shoals (4/4) Lair:2       Spider (4/4) Lair:2        Slime (5/5) Lair:5
    Orc (2/2) D:9             Elf (3/3) Orc:2        Vaults (5/5) D:14
  Crypt (3/3) Vaults:2       Tomb (0/3) Crypt:3      Depths (4/4) D:15
    Zot (5/5) Depths:4     Bailey (visited)          WizLab (visited)
Gauntlet (visited)

Altars:
Ashenzari
Cheibriados
Dithmenos
Elyvilon
Fedhas
Gozag
Hepliaklqana
Kikubaaqudgha
Makhleb
Nemelex Xobeh
Okawaru
Qazlal
Ru
Sif Muna
Trog
Uskayaw
Vehumet
Wu Jian
Xom
Yredelemnul
Zin
The Shining One
Jiyva

Shops:
D:9 ([   D:14 =   Orc:2 !((!   Elf:2 (   Vaults:3 !   Vaults:4 ?   Vaults:5 !!!
Depths:1 =:=   Depths:2 !*   Depths:3 [*   Depths:4 !

Portals:
Hell: Depths:1 Depths:2 Depths:3 Depths:4
Abyss: Depths:1 Depths:3
Pandemonium: Depths:2
Ziggurat: Depths:2

Annotations:
D:14 exclusion: orange crystal statue
Vaults:2 Xtahua
Depths:4 1 runed translucent door
Zot:3 2 transporters, exclusion: 2 orange crystal statues, Wukiw's ghost, legendary MiBe; Yrhuahis's ghost, legendary GrFi


Innate Abilities, Weirdness & Mutations

You are very small and have problems with some larger weapons.
You are too small for most types of armour.
You have supernaturally acute eyesight. (SInv)
You cover ground extremely quickly. (Speed+++)
You have a somewhat thin skeletal structure. (Dex +2, Stealth+)
You sometimes lose your temper in combat.
Your body often deteriorates upon taking damage.
You are somewhat resistant to further mutation.


Message History

A rock wall.
This square is covered in magical glow.
You begin to meditate on the wall.
You continue meditating on the rock. x3
You finish merging with the rock.
Unknown command.
There is a stone staircase leading up here.
You fly upwards.
There is a stone staircase leading down here.
Casting: Passwall (safe; 1% risk of failure)
Confirm with . or Enter, or press ? or * to list all spells.
Aiming: Passwall (safe; 1% risk of failure)
Press: ? - help, Dir - move target A rock wall.
This square is covered in magical glow.
You begin to meditate on the wall.
You continue meditating on the rock. x2
You finish merging with the rock.
Unknown command.
You fly upwards.
There is a stone staircase leading down here.
Aiming: Dig
Press: ? - help, Shift-Dir - straight line A rock wall.
This square is covered in magical glow.
The rock shatters into small pieces.
Unknown command.
Your magical contamination has completely faded away.
There is a stone staircase leading up here.
You fly upwards.
There is a stone staircase leading down here.
There is an open door here.
Casting: Passwall (safe; 1% risk of failure)
Confirm with . or Enter, or press ? or * to list all spells.
Aiming: Passwall (safe; 1% risk of failure)
Press: ? - help, Dir - move target A rock wall.
This square is covered in magical glow.
You begin to meditate on the wall.
You continue meditating on the rock. x3
You finish merging with the rock.
There is a staircase leading out of the dungeon here.
You have escaped!

#..........# #.~~≈~≈≈≈
#..........# ##~.~≈≈.≈≈
#..........# #..~~~~≈≈≈
#.......#### #....~####
######### #......#..
###############......#.#
#.............#......#.#
#.............#......#.#
#......@......#......#.#
#.............#......#.#
#.............#.##......
######.8.######.##..##.#
#...# #.##...... #.8.#
#.##.....# #...#
#.##.....# #.8.#
#........# #...#
#........#


There were no monsters in sight!

Vanquished Creatures
  the Royal Jelly (Slime:5)
  4 dread liches
  4 ancient liches
  4 orbs of fire
  2 juggernauts
  14 Killer Klowns
  A Head Instructor (WizLab)
  A curse toe (Zot:4)
  The ghost of Sopnyg the Victor of a Thousand Battles, a veteran GnWn of Okawaru (Depths:4)
  5 golden dragons
  Nikola (Shoals:1)
  2 bone dragons
  Norris (Depths:3)
  2 electric golems
  An iron giant (Depths:1)
  2 doom hounds
  Mlioglotl (Spider:4)
  14 tentacled monstrosities
  A hellephant (Vaults:3)
  Jorgrun (D:15)
  5 liches
  Grunn (Depths:2)
  2 walking earthen tomes (Depths:2)
  24 Orb Guardians (Zot:5)
  6 quicksilver dragons
  5 deep elf blademasters
  7 titans (Vaults:5)
  The ghost of xbox the Spry, an adept FeCK of Jiyva (Vaults:4)
  A walking frostbound tome (Depths:4)
  2 deep elf master archers (Elf:3)
  An Executioner (Zot:4)
  12 sphinxes
  28 acid blobs
  2 ancient champions (Crypt:1)
  Polyphemus (Shoals:3)
  6 death cobs
  Agnes (D:14)
  9 storm dragons
  7 draconian monks
  7 tengu reavers
  2 revenants
  17 shadow dragons
  9 rockslimes
  10 azure jellies
  8 fire giants
  2 draconian knights
  11 frost giants
  4 iron dragons
  The ghost of Carotun the Warrior, a journeyman FoFi of Okawaru (D:15)
  7 draconian scorchers
  6 emperor scorpions
  A frost giant (shapeshifter) (Depths:4)
  19 vault wardens
  4 deep elf sorcerers (Elf:3)
  6 ghost moths
  2 deep elf elementalists (Elf:3)
  A caustic shrike zombie (Crypt:3)
  3 draconian shifters
  10 ghouls
  2 curse skulls
  4 angels (Zot:3)
  6 draconian stormcallers
  An orc warlord (Orc:1)
  10 formless jellyfish
  6 draconian annihilators
  4 broodmothers
  6 war gargoyles
  6 ironbound thunderhulks
  14 vampire knights
  25 very ugly things
  16 ironbound preservers
  A spriggan defender (Depths:3)
  2 caustic shrike skeletons (Crypt:3)
  13 quicksilver oozes
  2 reapers
  15 stone giants
  17 green draconians
  14 black draconians
  An eleionoma (shapeshifter) (Vaults:5)
  15 deep elf demonologists
  13 white draconians
  8 yellow draconians
  7 deep elf annihilators
  11 red draconians
  13 purple draconians
  3 dire elephants
  13 spark wasps
  A minotaur (Shoals:4)
  5 eidola
  A blizzard demon (Depths:1)
  5 deep elf death magi
  The ghost of HHeCNeOSiFe the Fighter, a journeyman VSBe of Trog (Orc:1)
  10 ettins
  2 green deaths (Depths:1)
  2 deep elf high priests (Elf:3)
  14 jiangshi
  8 fire dragons
  6 crystal guardians
  2 merfolk impalers (Shoals:2)
  4 entropy weavers
  A merfolk javelineer (Shoals:4)
  16 yaktaur captains
  A rakshasa (Depths:3)
  16 great orbs of eyes
  33 vault guards
  4 catoblepae
  6 ice dragons
  2 juggernaut simulacra (Depths:4)
  8 hydras
  A hell beast (Depths:3)
  A spriggan skeleton (Crypt:3)
  2 ogre magi
  6 spriggan air magi
  2 peacekeepers (Vaults:4)
  7 ironbound frosthearts
  3 jorogumos
  3 alligator snapping turtles
  A radroach (Spider:4)
  9 centaur warriors
  5 merfolk avatars
  10 two-headed ogres
  2 merfolk aquamancers (Shoals:1)
  10 satyrs (Shoals:4)
  3 deep troll shamans
  5 death yaks
  11 boulder beetles
  9 deep troll earth magi
  9 death scarabs
  9 demonic crawlers
  5 tengu warriors
  7 vampire magi
  24 dancing weapons
  A holy swine (Spider:4)
  2 spriggan berserkers (Depths:4)
  Sonja (Lair:4)
  2 sun demons (Depths:2)
  3 soul eaters
  A spectral emperor scorpion (Spider:4)
  43 hell knights
  Urug (D:10)
  10 deep elf knights
  5 iron trolls
  A storm dragon skeleton (Crypt:3)
  A spark wasp zombie (Crypt:2)
  13 skysharks
  9 pharaoh ants
  2 fire crabs
  4 sixfirhies (Depths:2)
  2 storm dragon zombies (Depths:3)
  2 goliath frogs
  2 shadow wraiths
  22 skeletal warriors
  A skyshark (shapeshifter) (Depths:3)
  66 deep trolls
  A sea snake (shapeshifter) (Vaults:5)
  Lodul (D:14)
  A golden dragon zombie (Crypt:2)
  A deep troll (shapeshifter) (D:14)
  A bog body (Crypt:1)
  A shadow demon (Depths:2)
  9 orb spiders
  8 sea snakes
  3 spectral wolf spiders (Spider:4)
  8 orc knights
  11 lindwurms
  15 deep elf archers
  3 flayed ghosts
  A glowing orange brain (Vaults:3)
  9 wizards
  17 ironbound convokers
  2 orange crystal statues (Zot:1)
  A wolf spider zombie (Spider:4)
  A shadow dragon zombie (Crypt:1)
  A tengu zombie (Depths:2)
  17 deep elf pyromancers
  A lindwurm (shapeshifter) (Depths:2)
  22 ugly things
  9 shining eyes
  22 harpies
  27 deep elf zephyrmancers
  13 phantasmal warriors
  2 anaconda skeletons (Crypt:2)
  13 necromancers
  7 steelbarb worms
  2 iron dragon zombies
  6 mana vipers (WizLab)
  14 manticores
  An orc sorcerer (Vaults:5)
  A bunyip skeleton (Crypt:3)
  A shining eye (shapeshifter) (Elf:2)
  25 wolf spiders
  7 cyclopes
  A faun (shapeshifter) (D:15)
  A frost giant zombie (Crypt:1)
  5 oklob plants (Zot:1)
  30 moths of wrath
  13 fauns
  15 elephants
  16 merfolk sirens
  A dire elephant zombie (Crypt:3)
  A naga zombie (Crypt:3)
  5 eyes of devastation
  122 slime creatures
  3 water nymphs
  A fire giant skeleton (Vaults:2)
  A naga mage (WizLab)
  22 vault sentinels
  3 black mambas
  A torpor snail (Spider:3)
  A dire elephant skeleton (Crypt:1)
  An emperor scorpion simulacrum (Crypt:1)
  4 freezing wraiths
  20 cane toads
  3 unseen horrors
  A hellion (Vaults:3)
  4 spectral redbacks (Spider:4)
  An efreet (D:15)
  27 yaktaurs
  3 orange demons (Depths:2)
  2 rime drakes
  8 komodo dragons
  A human zombie (Vaults:2)
  Maggie (D:7)
  A catoblepas zombie (Crypt:2)
  3 tengu conjurers
  A red draconian zombie (Crypt:1)
  A yaktaur (shapeshifter) (Elf:3)
  2 ice devils (D:11)
  An iron troll skeleton (Crypt:1)
  8 trolls
  28 merfolk
  A red devil (Depths:2)
  A hornet (shapeshifter) (D:13)
  2 harpy zombies
  A tyrant leech (Lair:5)
  A meliai (shapeshifter) (Vaults:5)
  4 spectral jumping spiders (Spider:4)
  A tyrant leech (shapeshifter) (Elf:2)
  A spectral culicivora (Spider:4)
  2 polar bears
  3 spectral tarantellas (Spider:4)
  2 hornets
  10 wind drakes
  A hellwing (D:5)
  4 meliai
  Grinder (D:3)
  A wind drake (shapeshifter) (Elf:1)
  13 blink frogs
  2 fire dragon zombies (Crypt:3)
  A harpy skeleton (Crypt:3)
  An ettin zombie (Crypt:1)
  8 snapping turtles
  A raiju (shapeshifter) (Zot:3)
  5 dream sheep
  22 tarantellas
  3 tarantella zombies
  A jumping spider zombie (Spider:4)
  34 flying skulls
  20 culicivoras
  A slime creature (shapeshifter) (Depths:1)
  2 ettin skeletons
  6 wraiths
  30 jumping spiders
  A spriggan (Depths:4)
  4 wyverns
  15 water elementals
  A centaur simulacrum (D:14)
  2 shadows
  2 vampires
  2 air elementals
  A dire elephant simulacrum (Crypt:2)
  A ynoxinul (Depths:2)
  27 humans
  5 basilisks
  2 fire bats (Gauntlet)
  62 yaks
  A fire elemental (Elf:3)
  14 golden eyes
  A chaos spawn (Depths:1)
  A redback (shapeshifter) (Vaults:3)
  51 redbacks
  A steam dragon (D:8)
  22 vampire mosquitoes
  A hog (shapeshifter) (Vaults:5)
  4 glowing shapeshifter zombies
  9 wargs
  A large abomination (Depths:1)
  13 water moccasins
  2 floating eyes
  A glowing shapeshifter skeleton (Depths:2)
  36 orc warriors
  A sky beast (D:7)
  A swamp drake (Orc:2)
  4 ice beasts (D:10)
  3 black bears
  27 ogres
  A blink frog zombie (Crypt:1)
  6 boggarts
  A hornet zombie (Crypt:2)
  A swamp dragon zombie (Crypt:2)
  A swamp dragon skeleton (Crypt:2)
  7 centaurs
  17 wolves
  2 phantoms
  A kobold brigand (D:7)
  18 bullfrogs
  A small abomination (Depths:1)
  2 gnoll sergeants
  A salamander skeleton (Crypt:2)
  2 earth elementals
  3 scorpions
  3 necrophages
  A hornet simulacrum (D:15)
  A water moccasin zombie (Crypt:2)
  8 wights
  A shapeshifter zombie (Crypt:2)
  A human simulacrum (Vaults:2)
  5 killer bees
  3 electric eels
  A howler monkey (D:9)
  3 centaur zombies
  5 jellies
  5 hounds
  11 orc priests
  Natasha (thrice) (D:4)
  6 iguanas
  A lightning spire (Zot:1)
  23 orc wizards
  9 hell rats
  Robin (D:3)
  13 gnolls
  6 adders
  5 river rats (Lair:4)
  A shadow imp (Gauntlet)
  6 white imps
  3 dart slugs
  92 orcs
  7 endoplasms
  6 giant cockroaches
  A giant cockroach (shapeshifter) (Vaults:5)
  15 goblins
  12 hobgoblins
  A jackal (Orc:2)
  19 kobolds
  4 quokkas
  7 ball pythons
  4 bats
  An endoplasm zombie (Crypt:1)
  2 frilled lizards
  8 rats
  A butterfly (Lair:3)
2570 creatures vanquished.

Vanquished Creatures (collateral kills)
  2 Killer Klowns (Zot:5)
  A golden dragon (Zot:2)
  Arachne (Spider:3)
  A Brimstone Fiend (Depths:1)
  An electric golem (Zot:5)
  Rupert (D:14)
  An Orb Guardian (Zot:5)
  2 tentacled monstrosities (Zot:5)
  A death cob (Zot:1)
  A revenant (Vaults:4)
  2 draconian knights
  A draconian monk (Zot:5)
  An iron dragon (Depths:2)
  A balrug (Depths:1)
  2 vault wardens (Vaults:1)
  A formless jellyfish (Vaults:3)
  Nessos (D:14)
  A minotaur (Gauntlet)
  A purple draconian (Zot:2)
  A deep elf death mage (Elf:3)
  A green death (Depths:1)
  A blizzard demon (Depths:1)
  A fire dragon (Depths:1)
  A yaktaur captain (Vaults:3)
  2 hydras
  3 dancing weapons
  A shock serpent (shapeshifter) (Vaults:1)
  4 hell knights
  A sun moth (Spider:3)
  2 skeletal warriors (D:13)
  A fire crab (Shoals:1)
  A flayed ghost (Vaults:4)
  An ironbound convoker (Vaults:1)
  2 harpies (Vaults:1)
  A phantasmal warrior (Vaults:4)
  2 merfolk sirens (Shoals:1)
  2 vault sentinels (Vaults:1)
  An efreet (Gauntlet)
  4 yaktaurs (Vaults:1)
  2 polar bears
  8 dream sheep
  13 slime creatures
  2 blink frogs (Lair:5)
  A water elemental (D:14)
  A golden eye (Slime:1)
  A basilisk (Lair:2)
  A hog (shapeshifter) (D:14)
  3 fire elementals (Gauntlet)
  An acid dragon (D:6)
  3 hell hounds (Gauntlet)
  2 ice beasts
  2 ogres (D:14)
  A scorpion (D:6)
  2 gnolls (D:10)
  A foxfire (Lair:5)
100 creatures vanquished.

Vanquished Creatures (others)
  A shadow dragon (Zot:4)
  An ironbound preserver (Vaults:3)
  A red draconian (Zot:1)
  A hell beast (Depths:3)
  A vault guard (Vaults:3)
  A deep troll (Vaults:3)
  A water moccasin (Lair:2)
  262 fire vortices
  203 foxfires
472 creatures vanquished.

Grand Total: 3142 creatures vanquished

Notes
Turn   | Place    | Note
-------+----------+-------------------------------------------
     0 | D:1      | MrSquiggles the Spriggan Wanderer began the quest for the
                  | Orb.
     0 | D:1      | MrSquiggles set off with the following items: a +0 dagger,
                  | a scroll of fear, a +0 robe, a +0 cloak; and the following
                  | spell memorised: Sting; and the following spells available
                  | to memorise: Wereblood, Passwall, Ignite Poison.
     0 | D:1      | Reached XP level 1. HP: 10/10 MP: 3/3
   377 | D:1      | Reached XP level 2. HP: 14/14 MP: 1/5
   382 | D:1      | Learned a level 2 spell: Passwall
   923 | D:2      | Reached XP level 3. HP: 18/18 MP: 0/6
   929 | D:2      | Learned a level 2 spell: Wereblood
  1353 | D:3      | Noticed Grinder
  1464 | D:4      | Noticed an ogre
  1638 | D:4      | Reached XP level 4. HP: 22/22 MP: 1/8
  1733 | D:4      | Found a sand-covered staircase.
  1879 | D:4      | Reached skill level 5 in Transmutations
  1938 | D:4      | Noticed an ogre
  1945 | D:5      | Entered Level 5 of the Dungeon
  2008 | D:6      | Identified the +1 cloak of Objectivity {rPois rF- Int+5}
  2058 | D:6      | Noticed an acid dragon
  2064 | D:6      | HP: 1/22 [acid dragon/splash of acid (21)]
  2071 | D:6      | Learned a level 2 spell: Poisonous Vapours
  2232 | D:7      | Noticed a bullfrog
  2232 | D:7      | Noticed a water moccasin
  2235 | D:7      | Killed a water moccasin
  2236 | D:7      | Reached skill level 1 in Fire Magic
  2236 | D:7      | Reached XP level 5. HP: 25/25 MP: 8/11
  2332 | D:7      | Reached XP level 6. HP: 30/30 MP: 6/12
  2534 | D:7      | Learned a level 1 spell: Sandblast
  2596 | D:7      | Learned a level 3 spell: Ignite Poison
  2686 | D:7      | Found a flagged portal.
  2764 | Bailey   | Entered a bailey
  2778 | Bailey   | Noticed an orc warrior
  2956 | D:7      | Reached skill level 1 in Conjurations
  3084 | D:7      | Noticed a sky beast
  3367 | D:8      | Noticed a water moccasin
  3373 | D:8      | Killed a water moccasin
  3374 | D:8      | Reached XP level 7. HP: 33/33 MP: 11/13
  3411 | D:8      | Found a sparkling altar of Nemelex Xobeh.
  3418 | D:8      | Became a worshipper of Nemelex Xobeh the Trickster
  3585 | D:8      | Noticed a wyvern
  3590 | D:8      | Killed a wyvern
  3709 | D:8      | Noticed a steam dragon
  3876 | D:8      | Killed a steam dragon
  3877 | D:8      | Reached skill level 1 in Air Magic
  3966 | D:9      | Found Myss's Armour Boutique.
  3966 | D:9      | Found a staircase to the Orcish Mines.
  3966 | D:9      | Found Jicummaj's Weapon Boutique.
  4141 | D:9      | Noticed a yak
  4192 | D:9      | Noticed a wraith
  4318 | D:9      | Reached skill level 10 in Stealth
  4372 | D:10     | Entered Level 10 of the Dungeon
  4436 | D:10     | Noticed a vampire
  4441 | D:10     | Noticed a vampire mosquito
  4544 | D:11     | Noticed a fire dragon
  4558 | D:11     | Reached * piety under Nemelex Xobeh
  4646 | D:11     | Noticed a white ugly thing
  4767 | D:10     | Received a gift from Nemelex Xobeh
  4776 | D:11     | Noticed a manticore
  5250 | D:10     | Noticed a boulder beetle
  5264 | D:10     | Reached XP level 8. HP: 37/37 MP: 15/15
  5324 | D:10     | Reached skill level 5 in Spellcasting
  5735 | D:8      | Learned a level 3 spell: Mephitic Cloud
  5739 | D:8      | Learned a level 3 spell: Stone Arrow
  5925 | D:8      | Reached skill level 1 in Earth Magic
  6103 | D:8      | Identified the +5 long sword of Taxation {spect, rPois rC+}
  6787 | D:10     | Noticed a polar bear
  6787 | D:10     | Noticed Urug
  6791 | D:9      | Upgraded the game from 0.31-a0-865-g3d5d91748a to
                  | 0.31-a0-868-g674d60d6f7
  6976 | D:10     | Found a staircase to the Lair.
  6976 | D:10     | Noticed a rime drake
  7029 | Lair:1   | Entered Level 1 of the Lair of Beasts
  7029 | Lair:1   | Noticed a polar bear
  7062 | Lair:1   | Noticed a death yak
  7131 | Lair:2   | Noticed a cane toad
  7150 | Lair:2   | Noticed a four-headed hydra
  7324 | Lair:2   | Killed a cane toad
  7325 | Lair:2   | Reached XP level 9. HP: 41/41 MP: 17/17
  7353 | Lair:2   | Found a staircase to the Shoals.
  7512 | Shoals:1 | Entered Level 1 of the Shoals
  7512 | Shoals:1 | Noticed a harpy
  7512 | Shoals:1 | Noticed a harpy
  7512 | Shoals:1 | Noticed a harpy
  7513 | Shoals:1 | Noticed a harpy
  7513 | Shoals:1 | Noticed a merfolk siren
  7526 | Lair:2   | Reached skill level 15 in Stealth
  7646 | Lair:1   | Killed a polar bear
  7855 | D:5      | Reached ** piety under Nemelex Xobeh
  7902 | D:4      | Identified the +3 leather armour of Golden Lucidity {-Cast
                  | Rampage Regen+}
  8881 | D:3      | Killed Grinder
  9004 | D:3      | Received a gift from Nemelex Xobeh
  9337 | D:3      | Noticed Robin
  9533 | D:3      | Killed Robin
 10165 | D:4      | Noticed Natasha
 10169 | D:4      | Killed Natasha
 10170 | D:4      | Reached skill level 1 in Invocations
 10786 | D:4      | Noticed Natasha
 10789 | D:4      | Killed Natasha
 10966 | D:4      | Noticed Natasha
 10969 | D:4      | Killed Natasha
 12131 | D:5      | Received a gift from Nemelex Xobeh
 12804 | D:5      | Found a staircase to the Ecumenical Temple.
 12991 | D:6      | Received a gift from Nemelex Xobeh
 13394 | D:6      | Reached *** piety under Nemelex Xobeh
 13436 | D:6      | Reached XP level 10. HP: 47/47 MP: 15/18
 13749 | D:7      | Reached skill level 5 in Dodging
 14246 | D:7      | Noticed Maggie
 14252 | D:7      | Killed Maggie
 14836 | D:7      | Identified the ring of Cowardice {rElec rPois rC+ Dex+3}
 16611 | D:8      | Found a sparkling altar of Nemelex Xobeh.
 16843 | D:9      | Reached skill level 5 in Conjurations
 17725 | D:10     | Killed Urug
 18497 | D:10     | Reached XP level 11. HP: 37/53 MP: 2/19
 19453 | D:10     | Received a gift from Nemelex Xobeh
 19696 | D:10     | Reached skill level 5 in Invocations
 20977 | Lair:1   | Noticed a death yak
 21082 | Lair:1   | Reached skill level 5 in Fighting
 21264 | Lair:1   | Received a gift from Nemelex Xobeh
 22414 | Lair:1   | Killed a death yak
 22639 | Lair:1   | Noticed a death yak
 22740 | Lair:1   | Killed a death yak
 22917 | Lair:1   | Killed a death yak
 24273 | Lair:2   | Received a gift from Nemelex Xobeh
 24572 | Lair:2   | Reached XP level 12. HP: 50/60 MP: 9/20
 24644 | Lair:2   | Found a hole to the Spider Nest.
 25025 | Lair:2   | Reached **** piety under Nemelex Xobeh
 25169 | Lair:2   | Received a gift from Nemelex Xobeh
 25294 | Lair:2   | Killed a four-headed hydra
 27082 | Lair:3   | Received a gift from Nemelex Xobeh
 29932 | Lair:3   | Learned a level 5 spell: Irradiate
 29942 | Lair:4   | Noticed an eight-headed hydra
 29942 | Lair:4   | Noticed a catoblepas
 29980 | Lair:4   | Received a gift from Nemelex Xobeh
 30070 | Lair:4   | Noticed a four-headed hydra
 30107 | Lair:4   | Killed a four-headed hydra
 30650 | Lair:3   | Reached skill level 10 in Conjurations
 30660 | Lair:3   | Reached skill level 1 in Armour
 30993 | Lair:3   | Reached XP level 13. HP: 65/65 MP: 8/22
 31730 | Lair:4   | Received a gift from Nemelex Xobeh
 32334 | Lair:4   | Noticed Sonja
 32899 | Lair:4   | Killed Sonja
 33994 | Lair:4   | Received a gift from Nemelex Xobeh
 34460 | Lair:5   | Entered Level 5 of the Lair of Beasts
 34462 | Lair:5   | Reached skill level 10 in Invocations
 34621 | Lair:5   | Learned a level 1 spell: Foxfire
 34861 | Lair:5   | Found a staircase to the Slime Pits.
 36021 | Lair:5   | Reached skill level 5 in Fire Magic
 36116 | Lair:5   | Received a gift from Nemelex Xobeh
 37075 | Lair:5   | Reached XP level 14. HP: 70/70 MP: 0/25
 38419 | Lair:5   | Reached ***** piety under Nemelex Xobeh
 38929 | Orc:1    | Entered Level 1 of the Orcish Mines
 38929 | Orc:1    | Received a gift from Nemelex Xobeh
 38960 | Orc:1    | Noticed HHeCNeOSiFe's ghost (journeyman VSBe)
 38963 | Orc:1    | Noticed an orc warlord
 38965 | Orc:1    | Found a runed translucent gate.
 38965 | Orc:1    | Found a runed translucent gate.
 38965 | Orc:1    | Found a runed translucent gate.
 38983 | Orc:2    | Entered Level 2 of the Orcish Mines
 39223 | Orc:2    | Found a gate leading to a gauntlet.
 39287 | Gauntlet | Entered a Gauntlet
 39287 | Gauntlet | Found a transporter.
 39287 | Gauntlet | Found a transporter.
 39287 | Gauntlet | Found a transporter.
 39359 | Gauntlet | Found a transporter.
 39363 | Gauntlet | Received a gift from Nemelex Xobeh
 39363 | Gauntlet | Found a transporter.
 39365 | Gauntlet | Found a transporter.
 39369 | Gauntlet | Found a transporter.
 39372 | Gauntlet | Found a transporter.
 39374 | Gauntlet | Found a transporter.
 39374 | Gauntlet | Found a transporter.
 39382 | Gauntlet | Found a transporter.
 39383 | Gauntlet | Found a transporter.
 39760 | Gauntlet | Reached skill level 5 in Evocations
 39773 | Gauntlet | Identified the +2 hat of Objectivity {rElec Dex+3}
 39861 | Gauntlet | Identified the +10 orcbow of Responsibility {heavy, rPois
                  | Int+4}
 40046 | Orc:2    | Learned a level 5 spell: Fireball
 40337 | Orc:2    | Found a staircase to the Elven Halls.
 40872 | Orc:2    | Received a gift from Nemelex Xobeh
 40949 | Orc:2    | Found Kithru's Distillery.
 40949 | Orc:2    | Found Zoeleps's Antique Weapon Boutique.
 41163 | Orc:2    | Bought a potion of haste for 150 gold pieces
 41163 | Orc:2    | Bought a potion of heal wounds for 75 gold pieces
 42799 | Orc:2    | Found Colouph's Antique Weapon Shoppe.
 42799 | Orc:2    | Found Luly's Distillery.
 43116 | Orc:2    | Received a gift from Nemelex Xobeh
 43309 | Orc:2    | Found a staircase to the Elven Halls.
 43661 | Orc:2    | Found Kithru's Distillery.
 43661 | Orc:2    | Found Zoeleps's Antique Weapon Boutique.
 43784 | Orc:2    | Found Luly's Distillery.
 43784 | Orc:2    | Found Colouph's Antique Weapon Shoppe.
 43837 | Orc:2    | Bought a glowing quarterstaff for 189 gold pieces
 44656 | Orc:1    | Killed an orc warlord
 44955 | Orc:1    | You fall into a shaft and drop 1 floor!
 45212 | Orc:2    | Bought a potion of brilliance for 52 gold pieces
 45212 | Orc:2    | Bought 2 potions of brilliance for 104 gold pieces
 47554 | D:11     | Received a gift from Nemelex Xobeh
 51011 | D:12     | Received a gift from Nemelex Xobeh
 51437 | D:13     | Reached XP level 15. HP: 77/77 MP: 16/28
 53987 | D:14     | Noticed Rupert
 54018 | D:14     | Killed Rupert
 54549 | D:14     | Received a gift from Nemelex Xobeh
 55351 | D:14     | Found a gate to the Vaults.
 55400 | D:14     | Noticed Lodul
 55401 | D:14     | Killed Lodul
 55402 | D:14     | Noticed Nessos
 55417 | D:14     | Killed Nessos
 55429 | D:14     | Found Kaopsod's Jewellery Shop.
 55766 | D:14     | Noticed Agnes
 56098 | D:14     | Identified the -1 hand axe "Oruagg" {drain, rElec rF- rC-
                  | Str+5}
 56116 | D:14     | Killed Agnes
 56171 | D:14     | Received a gift from Nemelex Xobeh
 56727 | D:14     | Identified the staff of Spores {Fly rC+ rN+ Int+2 Necro}
 57372 | D:14     | Bought the ring of Wabed {Fire rN+ Will+ rCorr Str+2} for
                  | 774 gold pieces
 57612 | D:15     | Entered Level 15 of the Dungeon
 57977 | D:15     | Identified the +0 robe of the Accordion {Rampage rPois}
 58593 | D:15     | Found a staircase to the Depths.
 59032 | D:15     | Received a gift from Nemelex Xobeh
 59488 | D:15     | Noticed Jorgrun
 59671 | D:15     | Found a runed translucent door.
 59673 | D:15     | Noticed Carotun's ghost (journeyman FoFi)
 59757 | D:15     | Killed Jorgrun
 60700 | Spider:1 | Entered Level 1 of the Spider Nest
 61054 | Spider:1 | Noticed an emperor scorpion
 61082 | Spider:1 | Killed an emperor scorpion
 61083 | Spider:1 | Reached skill level 10 in Spellcasting
 61364 | Spider:1 | Learned a level 6 spell: Starburst
 62366 | Spider:1 | Reached XP level 16. HP: 30/84 MP: 12/31
 64952 | Spider:2 | Received a gift from Nemelex Xobeh
 64997 | Spider:2 | Reached ****** piety under Nemelex Xobeh
 65011 | Spider:2 | Reached skill level 15 in Invocations
 65197 | Spider:2 | Received a gift from Nemelex Xobeh
 66566 | Spider:3 | Reached skill level 10 in Fire Magic
 67756 | Spider:3 | Received a gift from Nemelex Xobeh
 68575 | Spider:3 | Identified a scroll of acquirement
 68692 | Spider:3 | Learned a level 2 spell: Blink
 69255 | Spider:3 | Noticed Arachne
 69344 | Spider:3 | Killed Arachne
 70307 | Spider:4 | Entered Level 4 of the Spider Nest
 70414 | Spider:4 | Reached skill level 10 in Dodging
 70750 | Spider:4 | Received a gift from Nemelex Xobeh
 70792 | Spider:4 | Reached XP level 17. HP: 88/88 MP: 21/32
 71557 | Spider:4 | Noticed Mlioglotl
 71566 | Spider:4 | Killed Mlioglotl
 72185 | Spider:4 | Reached skill level 10 in Fighting
 72603 | Spider:4 | Received a gift from Nemelex Xobeh
 74427 | Spider:4 | Reached skill level 5 in Armour
 74974 | Spider:4 | Got a gossamer rune of Zot
 74980 | Spider:4 | Identified the scarf of the Bells {shadows, -Tele rPois
                  | rN++}
 75012 | Spider:4 | Reached XP level 18. HP: 95/95 MP: 33/33
 76359 | Shoals:1 | Identified the +7 short sword "Tautikha" {elec, *Slow rPois
                  | Will++}
 76999 | Shoals:1 | Noticed Nikola
 77109 | Lair:2   | Upgraded the game from 0.31-a0-868-g674d60d6f7 to
                  | 0.31-a0-875-g02e7d12df6
 77115 | Shoals:1 | Killed Nikola
 78113 | Shoals:1 | Identified the ring of the Enfolding Gods {rF+ rC- Will+
                  | rCorr}
 80814 | Shoals:2 | Reached XP level 19. HP: 102/102 MP: 25/35
 81201 | Shoals:2 | Received a gift from Nemelex Xobeh
 82283 | Shoals:3 | Received a gift from Nemelex Xobeh
 82895 | Shoals:3 | Identified the +2 pair of boots of a sewer {-Tele Str+7
                  | SInv}
 83367 | Shoals:4 | Entered Level 4 of the Shoals
 83705 | Shoals:4 | Received a gift from Nemelex Xobeh
 83996 | Shoals:4 | Reached skill level 5 in Earth Magic
 84013 | Shoals:4 | Noticed Polyphemus
 84183 | Shoals:3 | HP: 3/102 [Polyphemus (11)]
 84848 | Shoals:3 | Killed Polyphemus
 86018 | Shoals:3 | Learned a level 5 spell: Lee's Rapid Deconstruction
 86070 | Shoals:4 | Reached skill level 1 in Necromancy
 86788 | Shoals:4 | Got an ancient book
 87208 | Shoals:4 | Got a barnacled rune of Zot
 87803 | Vaults:1 | Entered Level 1 of the Vaults
 88379 | Vaults:1 | Identified the +1 long sword "Fukk" {venom, Contam rElec
                  | Dex+4}
 88406 | Vaults:1 | Identified the +0 great sword "Boeloes" {protect, rPois rN+
                  | Will+ Int+2}
 88506 | Vaults:1 | Found a magical portal.
 88513 | WizLab   | Entered Yara's Duelist Academy
 88624 | WizLab   | Received a gift from Nemelex Xobeh
 88765 | WizLab   | Reached skill level 5 in Necromancy
 89415 | WizLab   | Gained mutation: You occasionally lose the ability to drink
                  | potions when taking damage. [a shining eye]
 89905 | WizLab   | Noticed Moru Ragh
 89944 | WizLab   | Killed Moru Ragh the Head Instructor
 90381 | WizLab   | Got a lithographed book
 90908 | Vaults:1 | Reached XP level 20. HP: 68/107 MP: 21/38
 92229 | Vaults:1 | Identified the +1 robe of the Merchant {Rampage rC+++ Str-4
                  | Int-5}
 93957 | Vaults:1 | Identified the +0 spear of Accord {speed, rPois Stlth+}
 94064 | Vaults:2 | Noticed Xtahua
 94209 | Vaults:2 | Received a gift from Nemelex Xobeh
 95267 | Vaults:2 | Found a staircase to the Crypt.
 95267 | Vaults:2 | Found an ancient bone altar of Kikubaaqudgha.
 95267 | Vaults:2 | Found a basalt altar of Yredelemnul.
 95677 | Vaults:2 | Found Jenoikka's Magic Scroll Shop.
 95680 | Vaults:2 | Received a gift from Nemelex Xobeh
 95964 | Vaults:2 | Reached skill level 15 in Spellcasting
 96063 | Vaults:2 | Identified the +0 falchion "Glorpo" {speed, rC+ rN+++ Int-5
                  | SInv}
 96121 | Vaults:1 | Learned a level 5 spell: Borgnjor's Vile Clutch
 96451 | Vaults:2 | Bought a scroll of teleportation for 60 gold pieces
 96451 | Vaults:2 | Bought a scroll of vulnerability for 80 gold pieces
 96451 | Vaults:2 | Bought a scroll of teleportation for 60 gold pieces
 96451 | Vaults:2 | Bought a scroll of revelation for 150 gold pieces
 96451 | Vaults:2 | Bought a scroll of blinking for 150 gold pieces
 96652 | Vaults:3 | Received a gift from Nemelex Xobeh
 99471 | Vaults:3 | Received a gift from Nemelex Xobeh
 99530 | Vaults:3 | Found Alinnutz's Distillery.
 99580 | Vaults:3 | Bought a potion of brilliance for 56 gold pieces
 99580 | Vaults:3 | Bought a potion of heal wounds for 70 gold pieces
 99580 | Vaults:3 | Bought a potion of brilliance for 56 gold pieces
 99580 | Vaults:3 | Bought a potion of haste for 140 gold pieces
 99966 | Vaults:3 | Found a huge runed gate.
 99966 | Vaults:3 | Found a huge runed gate.
 99966 | Vaults:3 | Found a huge runed gate.
 99967 | Vaults:3 | Found a huge runed gate.
 99967 | Vaults:3 | Found a huge runed gate.
 99967 | Vaults:3 | Found a huge runed gate.
 99968 | Vaults:3 | Found a huge runed gate.
 99968 | Vaults:3 | Found a huge runed gate.
 99968 | Vaults:3 | Found a huge runed gate.
 99968 | Vaults:3 | Found a huge runed gate.
 99973 | Vaults:3 | Found a huge runed gate.
 99973 | Vaults:3 | Found a huge runed gate.
 99973 | Vaults:3 | Found a huge runed gate.
 99973 | Vaults:3 | Found a huge runed gate.
 99973 | Vaults:3 | Found a huge runed gate.
 99973 | Vaults:3 | Found a huge runed gate.
 99974 | Vaults:3 | Found a huge runed gate.
 99975 | Vaults:3 | Found a huge runed gate.
 99976 | Vaults:3 | Found a huge runed gate.
 99984 | Vaults:3 | Found a huge runed gate.
 99984 | Vaults:3 | Found a huge runed gate.
 99984 | Vaults:3 | Found a huge runed gate.
 99984 | Vaults:3 | Found a huge runed gate.
 99984 | Vaults:3 | Found a huge runed gate.
 99984 | Vaults:3 | Found a huge runed gate.
 99985 | Vaults:3 | Found a huge runed gate.
 99986 | Vaults:3 | Found a huge runed gate.
 99987 | Vaults:3 | Found a huge runed gate.
 99995 | Vaults:3 | Found a huge runed gate.
 99995 | Vaults:3 | Found a huge runed gate.
 99995 | Vaults:3 | Found a huge runed gate.
 99995 | Vaults:3 | Found a huge runed gate.
 99995 | Vaults:3 | Found a huge runed gate.
 99995 | Vaults:3 | Found a huge runed gate.
 99996 | Vaults:3 | Found a huge runed gate.
 99997 | Vaults:3 | Found a huge runed gate.
101171 | Vaults:3 | Reached XP level 21. HP: 112/112 MP: 16/41
104536 | Vaults:4 | Received a gift from Nemelex Xobeh
104812 | Vaults:4 | Found Inniamm's Magic Scroll Shop.
104820 | Vaults:4 | Bought a scroll of acquirement for 780 gold pieces
104820 | Vaults:4 | Bought a scroll of butterflies for 60 gold pieces
104825 | Vaults:4 | Acquired 1009 gold pieces
105411 | Spider:3 | Acquired a book of Power
105857 | Vaults:4 | Found a runed translucent gate.
105859 | Vaults:4 | Found a runed translucent gate.
105860 | Vaults:4 | Found a runed translucent gate.
105874 | Vaults:4 | Reached skill level 15 in Fire Magic
105892 | Vaults:4 | Noticed xbox's ghost (adept FeCK)
107110 | Vaults:4 | Killed xbox's ghost
107276 | Vaults:4 | Identified the ring of Prescription {rElec rF- Will+ Str+6}
107537 | Elf:1    | Entered Level 1 of the Elven Halls
107772 | Elf:1    | Received a gift from Nemelex Xobeh
108682 | Elf:1    | Found the +8 pair of quick blades "Gyre" and "Gimble"
                  | {protect}
109973 | Elf:1    | Found a runed translucent gate.
109973 | Elf:1    | Found a runed translucent gate.
109973 | Elf:1    | Found a runed translucent gate.
109973 | Elf:1    | Found a runed translucent gate.
109973 | Elf:1    | Found a runed translucent gate.
109975 | Elf:1    | Found a runed translucent gate.
111014 | Elf:2    | Found Ohin's Antique Weapon Boutique.
111016 | Elf:2    | Received a gift from Nemelex Xobeh
111081 | Elf:2    | Bought an iridescent quarterstaff for 261 gold pieces
111081 | Elf:2    | Identified the +4 quarterstaff of Pemiegh {flame, rF+ rC+
                  | rN+ rCorr} (You bought it in a shop on level 2 of the Elven
                  | Halls)
111507 | Elf:2    | Found a runed translucent gate.
111507 | Elf:2    | Found a runed translucent gate.
111508 | Elf:2    | Found a runed translucent gate.
112895 | Elf:3    | Entered Level 3 of the Elven Halls
113016 | Elf:3    | Reached XP level 22. HP: 120/120 MP: 22/42
113317 | Elf:3    | Received a gift from Nemelex Xobeh
114798 | Elf:3    | Identified the +0 plate armour of Muttered Phrases {Str+4}
114989 | Elf:3    | Identified the +9 scimitar of Baegeen {heavy, rN+++ Str+7
                  | Int-3}
115012 | Elf:3    | Identified the amulet of Mewaack {RegenMP Contam Rampage
                  | SInv Stlth-}
115268 | Elf:3    | Identified the ring of the Suburbs {Wiz Str+3 Slay+2}
115276 | Elf:3    | Identified the +4 mace "Xiestrunn" {holy, rC+ Will+ Str-5}
115707 | Elf:3    | Identified a ring "Suta" {rElec rF+ Will- Int+6 Dex+5}
115997 | Elf:3    | Got a vellum book
116045 | Elf:3    | Received a gift from Nemelex Xobeh
116058 | Elf:3    | Identified the +5 orcbow of the Eternal Void {freeze, Fly
                  | rElec Str-4 Int+5}
116059 | Elf:3    | Identified the staff "Xotajele" {Int-3 Dex+4 SInv Conj}
116065 | Elf:3    | Identified the staff of Peace {Str+3 Earth}
116327 | Slime:1  | Entered Level 1 of the Pits of Slime
116648 | Slime:1  | Received a gift from Nemelex Xobeh
117055 | Spider:3 | Lost mutation: You occasionally lose the ability to drink
                  | potions when taking damage. [potion of mutation]
117055 | Spider:3 | Gained mutation: You are dopey. (Int -2) [potion of
                  | mutation]
117055 | Spider:3 | Gained mutation: You sometimes lose your temper in combat.
                  | [potion of mutation]
117055 | Spider:3 | Gained mutation: You have a somewhat thin skeletal
                  | structure. (Dex +2, Stealth+) [potion of mutation]
117055 | Spider:3 | Gained mutation: You are somewhat resistant to further
                  | mutation. [potion of mutation]
117256 | Shoals:3 | Learned a level 8 spell: Ignition
117983 | Slime:2  | Reached skill level 15 in Fighting
118435 | Slime:1  | Gained mutation: You are very dopey. (Int -4) [a shining
                  | eye]
118547 | Slime:1  | Found a viscous altar of Jiyva.
118631 | Slime:2  | Received a gift from Nemelex Xobeh
120838 | Slime:3  | Received a gift from Nemelex Xobeh
121703 | Slime:4  | Gained mutation: Your magical capacity is low. (-10% MP) [a
                  | shining eye]
122852 | Slime:5  | Entered Level 5 of the Pits of Slime
123411 | Slime:5  | Received a gift from Nemelex Xobeh
124245 | Slime:5  | Noticed the Royal Jelly
124258 | Slime:5  | Killed the Royal Jelly
124259 | Slime:5  | Reached XP level 23. HP: 126/126 MP: 34/38
126570 | Slime:5  | Identified the +7 morningstar of Voradgh {speed, rC- rCorr
                  | Int+9}
126694 | Slime:5  | Got a slimy rune of Zot
126711 | Slime:5  | Identified the +10 long sword of the Nurturing Gods
                  | {antimagic, Fly rPois}
126729 | Slime:5  | Got a thrumming book
126751 | Slime:5  | Identified the staff of Resumed Hostilities {rC+ rN++ Ice}
126849 | Slime:5  | Identified the +4 morningstar of Green Reinforcement
                  | {protect, Str+2 Int+3 Dex+2 Stlth+}
127618 | Spider:3 | Lost mutation: You are very dopey. (Int -4) [potion of
                  | mutation]
127618 | Spider:3 | Lost mutation: You are dopey. (Int -2) [potion of mutation]
127618 | Spider:3 | Lost mutation: Your magical capacity is low. (-10% MP)
                  | [potion of mutation]
127863 | Depths:1 | Entered Level 1 of the Depths
129089 | Depths:1 | Received a gift from Nemelex Xobeh
129240 | Depths:1 | Found Ifeox's Jewellery Boutique.
129275 | Depths:1 | Gained mutation: Your body sometimes deteriorates upon
                  | taking damage. [a cacodemon]
129803 | Depths:1 | Found Uxyill's Book Emporium.
129804 | Depths:1 | Found Zyko's Jewellery Boutique.
129814 | Depths:1 | Bought an amulet of the acrobat for 480 gold pieces
129954 | Depths:1 | Found a runed translucent gate.
129954 | Depths:1 | Found a runed translucent gate.
129954 | Depths:1 | Found a runed translucent gate.
130531 | Depths:1 | Found a one-way gate to the infinite horrors of the Abyss.
130878 | Depths:1 | Reached skill level 15 in Dodging
131593 | Depths:1 | Received a gift from Nemelex Xobeh
131621 | Depths:1 | Found a burning altar of Makhleb.
131629 | Depths:1 | Identified the +2 spear "Grim" {vamp, Contam Will+ Dex+6}
131630 | Depths:1 | Identified a ring "Mytyvixt" {+Blink Fly rF+ Will+ Int+6}
132388 | Depths:1 | Found a gateway to Hell.
132608 | Depths:1 | Acquired the +5 hat "Vurel" {rElec Will+ Stlth-}
132661 | Depths:2 | Noticed Grunn
136692 | Depths:2 | Found Lueq Zexe's Distillery.
136749 | Depths:2 | Killed Grunn
137217 | Depths:2 | Found a one-way gate leading to the halls of Pandemonium.
137984 | Depths:2 | Found the +6 shillelagh "Devastator" {shatter}
138030 | Depths:2 | Found Ymucka's Fire Supplies.
138135 | Depths:2 | Found a one-way gateway to a ziggurat.
138455 | Depths:3 | Noticed Norris
138460 | Depths:3 | Reached XP level 24. HP: 72/132 MP: 9/43
139368 | Depths:3 | You are sucked into a shaft and drop 1 floor!
139368 | Depths:4 | Entered Level 4 of the Depths
139368 | Depths:4 | Found Qiochage's Distillery.
139607 | Depths:4 | Found a gate to the Realm of Zot.
140064 | Depths:3 | Found Boextat's General Store.
140078 | Depths:3 | Received a gift from Nemelex Xobeh
140090 | Depths:3 | Found Jage's Antique Armour Boutique.
141530 | Depths:3 | Killed Norris
141917 | Depths:3 | Noticed a juggernaut
142020 | Depths:3 | Bought a wand of digging (4) for 285 gold pieces
142700 | Shoals:3 | Upgraded the game from 0.31-a0-875-g02e7d12df6 to
                  | 0.31-a0-876-gfe8ebadbca
142710 | Shoals:3 | Learned a level 6 spell: Bombard
143077 | Orc:1    | Killed HHeCNeOSiFe's ghost
143201 | Orc:1    | Identified the +4 mace of the Foot {heavy, Will+}
143321 | Temple   | Entered the Ecumenical Temple
143919 | Depths:2 | Killed a juggernaut
145665 | Depths:3 | Identified the +1 pair of gloves "Newar" {Will- Int+4
                  | Slay+4 Stlth+}
147320 | Depths:4 | Noticed a juggernaut
147475 | Depths:4 | Noticed a dread lich
147475 | Depths:4 | Noticed Sopnyg's ghost (veteran GnWn)
147525 | Depths:4 | Found a runed translucent door.
147528 | Depths:4 | Found a runed translucent door.
148146 | Depths:4 | Received a gift from Nemelex Xobeh
149366 | Depths:4 | Killed a juggernaut
149911 | Depths:4 | Received a gift from Nemelex Xobeh
150189 | Depths:4 | Killed a dread lich
150223 | Depths:4 | Killed Sopnyg's ghost
150224 | Depths:4 | Reached skill level 15 in Conjurations
150684 | Depths:4 | Identified the ring "Ipianul" {*Corrode Int+6 Dex+6}
151241 | Crypt:1  | Entered Level 1 of the Crypt
151496 | Crypt:1  | Reached XP level 25. HP: 101/136 MP: 4/43
152632 | Crypt:1  | Acquired 549 gold pieces
154305 | Crypt:2  | Received a gift from Nemelex Xobeh
155898 | Crypt:2  | Found a huge runed translucent gate.
155898 | Crypt:2  | Found a huge runed translucent gate.
155899 | Crypt:2  | Found a huge runed translucent gate.
155899 | Crypt:2  | Found a huge runed translucent gate.
155899 | Crypt:2  | Found a huge runed translucent gate.
155900 | Crypt:2  | Found a huge runed translucent gate.
155901 | Crypt:2  | Found a huge runed translucent gate.
155902 | Crypt:2  | Found a huge runed translucent gate.
155902 | Crypt:2  | Found a huge runed translucent gate.
156651 | Crypt:3  | Entered Level 3 of the Crypt
160551 | Crypt:3  | Received a gift from Nemelex Xobeh
161516 | Crypt:3  | Found a staircase to the Tomb.
161724 | Crypt:3  | Identified the amulet of Devotion {+Blink Will+ Regen+
                  | Str-2}
162293 | Crypt:3  | Noticed an ancient lich
162368 | Crypt:3  | Killed an ancient lich
163004 | Crypt:3  | Identified the +8 dagger of the Inviting Oracle {flame,
                  | Contam rElec Dex+5}
163035 | Crypt:3  | Found a basalt altar of Yredelemnul.
163051 | Crypt:3  | Got a gaudy book
163277 | Vaults:5 | Entered Level 5 of the Vaults
163505 | Vaults:5 | Received a gift from Nemelex Xobeh
164528 | Vaults:5 | Noticed a dread lich
164536 | Vaults:5 | Killed a dread lich
164650 | Vaults:5 | Reached XP level 26. HP: 130/141 MP: 2/43
164874 | Vaults:5 | Identified the +1 leather armour of Yjiecaupt {rPois rCorr
                  | Dex+3}
165724 | Vaults:5 | Identified the +7 longbow of Zawn {flame, rElec rC- SInv}
165724 | Vaults:5 | Identified the ring "Sybrak" {Wiz rElec Will- Str+4 Dex+4}
166321 | Vaults:5 | Noticed a dread lich
166433 | Vaults:5 | Identified the amulet of the Spinneret {Spirit Dex+2}
166855 | Vaults:5 | Noticed an ancient lich
166864 | Vaults:5 | Killed an ancient lich
167496 | Vaults:5 | Found Kyxu Xyfugg's Distillery.
167891 | Vaults:5 | Noticed a dread lich
167939 | Vaults:5 | Identified the +4 executioner's axe "Poxzuat" {pain, Will+}
168248 | Vaults:5 | Killed a dread lich
168496 | Vaults:5 | Found Vuumibij's Distillery.
168954 | Vaults:5 | Found the -2 hat of the Alchemist {rElec rPois rF+ rC+ rN+
                  | Will+ rMut rCorr}
168968 | Vaults:5 | Got a silver rune of Zot
168984 | Vaults:5 | Identified the +1 scale mail "Uzxacet" {-Cast +Inv rPois
                  | rN+}
169388 | Vaults:5 | Received a gift from Nemelex Xobeh
170068 | Vaults:5 | Found Winu's Distillery.
170359 | Depths:2 | Bought Asmodeus's Enchiridion on Causimancy for 1044 gold
                  | pieces
171232 | D:15     | Killed Carotun's ghost
171385 | D:15     | Learned a level 9 spell: Fire Storm
171584 | Zot:1    | Entered Level 1 of the Realm of Zot
171584 | Zot:1    | Received a gift from Nemelex Xobeh
173151 | Zot:1    | Received a gift from Nemelex Xobeh
178217 | Zot:2    | Received a gift from Nemelex Xobeh
179629 | Zot:2    | Reached XP level 27. HP: 145/145 MP: 26/44
180552 | Zot:2    | Identified the +0 leather armour of Vytwyo {-Tele rElec
                  | Int+5}
181449 | Zot:3    | Noticed Wukiw's ghost (legendary MiBe)
181453 | Zot:3    | Noticed Yrhuahis's ghost (legendary GrFi)
181457 | Zot:3    | Noticed an orb of fire
181468 | Zot:3    | Found a transporter.
182055 | Zot:3    | Received a gift from Nemelex Xobeh
182130 | Zot:3    | Found a transporter.
182950 | Zot:3    | Found a shimmering altar of Xom.
182950 | Zot:3    | Found a glowing silver altar of Zin.
182950 | Zot:3    | Found a shimmering altar of Xom.
183784 | Zot:3    | Received a gift from Nemelex Xobeh
183814 | Zot:3    | Found a shimmering altar of Xom.
185326 | Zot:4    | Received a gift from Nemelex Xobeh
187118 | Zot:4    | Received a gift from Nemelex Xobeh
188260 | Zot:5    | Entered Level 5 of the Realm of Zot
190328 | Zot:5    | Noticed an orb of fire
190337 | Zot:5    | Gained mutation: Your body often deteriorates upon taking
                  | damage. [an orb of fire]
190351 | Zot:5    | Killed an orb of fire
190806 | Zot:5    | Noticed an orb of fire
191123 | Zot:5    | Noticed a dread lich
191127 | Zot:5    | Killed a dread lich
191582 | Zot:5    | Noticed an orb of fire
191602 | Zot:5    | Killed an orb of fire
191861 | Zot:5    | Noticed an ancient lich
192294 | Zot:5    | Killed an ancient lich
192786 | Zot:5    | Noticed an orb of fire
192792 | Zot:5    | Killed an orb of fire
192986 | Zot:5    | Noticed an ancient lich
192989 | Zot:5    | Killed an ancient lich
194864 | Zot:4    | Killed an orb of fire
196768 | Depths:4 | Bought 2 potions of curing for 84 gold pieces
196768 | Depths:4 | Bought a potion of might for 56 gold pieces
196768 | Depths:4 | Bought a potion of magic for 112 gold pieces
196768 | Depths:4 | Bought a potion of berserk rage for 70 gold pieces
196797 | Depths:3 | Bought a scroll of fear for 68 gold pieces
196797 | Depths:3 | Bought a potion of enlightenment for 85 gold pieces
196797 | Depths:3 | Bought a potion of curing for 51 gold pieces
196810 | Depths:2 | Bought a potion of resistance for 140 gold pieces
196810 | Depths:2 | Bought a potion of haste for 140 gold pieces
196810 | Depths:2 | Bought a potion of enlightenment for 70 gold pieces
196810 | Depths:2 | Bought a potion of heal wounds for 70 gold pieces
196810 | Depths:2 | Bought a potion of cancellation for 112 gold pieces
196810 | Depths:2 | Bought a potion of brilliance for 56 gold pieces
196810 | Depths:2 | Bought a potion of curing for 42 gold pieces
196810 | Depths:2 | Bought a potion of ambrosia for 112 gold pieces
197005 | Vaults:3 | Bought a potion of curing for 42 gold pieces
197052 | Vaults:5 | Bought a potion of brilliance for 60 gold pieces
197052 | Vaults:5 | Bought a potion of enlightenment for 75 gold pieces
197052 | Vaults:5 | Bought a potion of curing for 45 gold pieces
197052 | Vaults:5 | Bought a potion of cancellation for 120 gold pieces
197052 | Vaults:5 | Bought a potion of might for 60 gold pieces
197067 | Vaults:5 | Bought a potion of might for 76 gold pieces
197067 | Vaults:5 | Bought a potion of haste for 190 gold pieces
197067 | Vaults:5 | Bought a potion of curing for 57 gold pieces
197067 | Vaults:5 | Bought a potion of brilliance for 76 gold pieces
197067 | Vaults:5 | Bought a potion of haste for 190 gold pieces
197067 | Vaults:5 | Bought a potion of enlightenment for 95 gold pieces
197081 | Vaults:5 | Bought a potion of cancellation for 168 gold pieces
197081 | Vaults:5 | Bought a potion of brilliance for 84 gold pieces
197081 | Vaults:5 | Bought a potion of heal wounds for 105 gold pieces
197081 | Vaults:5 | Bought a potion of invisibility for 168 gold pieces
197081 | Vaults:5 | Bought a potion of heal wounds for 105 gold pieces
197392 | Orc:2    | Bought a potion of enlightenment for 75 gold pieces
197392 | Orc:2    | Bought 2 potions of curing for 90 gold pieces
197392 | Orc:2    | Bought a potion of curing for 45 gold pieces
197392 | Orc:2    | Bought a potion of curing for 45 gold pieces
197423 | Orc:2    | Bought a potion of curing for 39 gold pieces
197423 | Orc:2    | Bought a potion of curing for 39 gold pieces
197423 | Orc:2    | Bought a potion of curing for 39 gold pieces
197423 | Orc:2    | Bought a potion of ambrosia for 104 gold pieces
197423 | Orc:2    | Bought a potion of invisibility for 104 gold pieces
197805 | Zot:5    | Got the Orb of Zot
198204 | D:$      | Escaped with the Orb!

Illustrated notes

Levels and vault maps discovered:
D:1:      lemuel_arrival_hallway, layout_basic, chequers_serial_rivers_large_a
D:2:      layout_loops_cross, kennysheep_minor_cross, chequers_big_river
D:3:      layout_basic, uniq_grinder, uniq_robin
D:4:      layout_loops_ring, chequers_ossuary_entry_cave, uniq_natasha
D:5:      layout_gridville, minmay_temple_entry_enclosed_plants,
          nicolae_eternal_life
D:6:      layout_cave_pools
D:7:      kennysheep_housing_project, layout_gridville, enter_bailey_4,
          uniq_maggie
D:8:      layout_cave_pools, mainiacjoe_overflow_catwalk
D:9:      layout_basic, orc_david_3
D:10:     layout_loops_cross, hellmonk_lair_entry_icy, david_defended_altar_orc,
          uniq_urug
D:11:     layout_gridville, portal_ice_cave_demonic_guard,
          grunt_decor_one_mirror
D:12:     layout_gridville
D:13:     layout_loops_ring
D:14:     layout_layer_cave, david_vaults_3, serial_shops,
          nicolae_inconvenience_store, kennysheep_nub, minivault_25_ag,
          minmay_protected_statue, uniq_rupert, uniq_lodul, uniq_agnes
D:15:     hangedman_depths_entry_try_elsewhere_first, layout_loops_ring,
          ebering_ghost_inner_flame, uniq_jorgrun
Temple:   nicolae_temple_the_god_donut
Lair:1:   layout_chaotic_city
Lair:2:   layout_cellular_growth, elwin_shoals_entry_rocks,
          hellmonk_spider_entry_not_the_bees, grunt_megastairs_2
Lair:3:   layout_long_grid, grunt_megastairs_4, lemuel_fruit_fields
Lair:4:   layout_regular_city, st_stairs_9, kennysheep_abandoned_house,
          uniq_sonja
Lair:5:   minmay_lair_end_frog_pond, layout_loops_ring,
          nicolae_slime_entry_field_trip
Shoals:1: layout_shoals, hangedman_shoal_volcano, uniq_nikola
Shoals:2: layout_shoals
Shoals:3: layout_shoals, nicolae_shoals_nautilus_by_nature
Shoals:4: shoals_end_hellmonk_lost_city, uniq_polyphemus
Spider:1: nicolae_spider_brood_tunnel
Spider:2: layout_spider_delve
Spider:3: nicolae_spider_hilbert_zone_2 [nicolae_spider_hilbert_4_sides_1_open,
          nicolae_spider_hilbert_4_sides_1_open,
          nicolae_spider_hilbert_4_sides_1_open,
          nicolae_spider_hilbert_4_sides_1_open,
          nicolae_spider_hilbert_6_sides_1_open,
          nicolae_spider_hilbert_6_sides_1_open,
          nicolae_spider_hilbert_3_sides_1_open,
          nicolae_spider_hilbert_3_sides_1_open,
          nicolae_spider_hilbert_3_sides_1_open,
          nicolae_spider_hilbert_3_sides_1_open,
          nicolae_spider_hilbert_6_sides_1_open,
          nicolae_spider_hilbert_6_sides_1_open,
          nicolae_spider_hilbert_6_sides_1_open,
          nicolae_spider_hilbert_6_sides_1_open], uniq_arachne
Spider:4: floodkiller_spider_rune_tomb, uniq_mlioglotl
Slime:1:  layout_caves, basic_altar
Slime:2:  layout_caves
Slime:3:  nicolae_slime_pool, layout_caves
Slime:4:  cheibrodos_slime_lost_civilization_3, layout_caves
Slime:5:  slime_pit_nicolae_trefoil
Orc:1:    layout_diamond_mine, gammafunk_ghost_split, basic_altar
Orc:2:    st_orc_town, layout_diamond_mine, gauntlet_entry_generic
Elf:1:    minmay_elf_arrival_circle, layout_geoelf_octagon, orc_legates,
          hellmonk_guarded_unrand_gyre_and_gimble, grunt_megastairs_1
Elf:2:    elven_hall_of_blades_hangedman_original
          [nicolae_blade_entry_crossed_weapons], layout_rooms, serial_shops,
          nicolae_diamond_shop, lemuel_elevator
Elf:3:    elf_hall_gauntlet_narrow, layout_geoelf_grid, billiards_dpeg
Vaults:1: infiniplex_enter_wizlab_spiral, ontoclasm_vaults_idyll,
          nicolae_vaults_wrenched, st_quartered_hall,
          nicolae_vaults_hallways_thing, nicolae_vaults_diagonal_hallway_8,
          vaults_room_pools, nicolae_vaults_two_Ls, vaults_room_grid,
          nicolae_vaults_weapon_check, nicolae_vaults_meiosis,
          nicolae_vaults_tetromino_Z_1, nicolae_vaults_two_Ls,
          hangedman_vaults_locks, ontoclasm_vaults_loading_screen,
          layout_vaults_maze_bifur
Vaults:2: nicolae_vaults_trapezoid_2, minmay_crypt_entry_necro_gods,
          nicolae_vaults_trapezoid_3, nicolae_vaults_house_3,
          nicolae_vaults_diamond_1, vaults_room_door_hall,
          ontoclasm_vaults_gateway, nicolae_vaults_trapezoid_layered,
          vaults_room_pool, layout_vaults_big_room, serial_shops,
          nicolae_shop_just_a_little_nook, uniq_xtahua
Vaults:3: v_misc_11, v_rooms_2, v_pattern_5, not_door_vault_due,
          nicolae_vaults_apartment_1, nicolae_vaults_diamond_2,
          grunt_vaults_swirl, nicolae_vaults_network_star,
          nicolae_vaults_tetromino_Z_1, nicolae_vaults_tetromino_L_1,
          nicolae_vaults_little_ls, dpeg_vaults_monster_row, layout_vaults_ring,
          serial_shops, shop
Vaults:4: gammafunk_ghost_spectres, v_misc_27, nicolae_vaults_heist,
          vaults_dpeg_encased_lava, ontoclasm_vaults_decontamination,
          hangedman_vaults_hat, nicolae_vaults_closet_pinwheel_1,
          ontoclasm_vaults_idyll, nicolae_vaults_double_plus_1,
          nicolae_vaults_network_square, layout_vaults_omnigrid, serial_shops,
          shop
Vaults:5: serial_shops
Crypt:1:  layout_rooms
Crypt:2:  cheibrodos_crypt_3hun_7po, layout_gridlike
Crypt:3:  cryptofortress_bobbens
Depths:1: evilmike_makhleb_hellhole, layout_cave_shapes, abyss_entry_crystal,
          hangedman_tar_grid_catacomb, nrook_pool_corridor, pandoras_box_mu,
          minmay_shop_grove
Depths:2: minmay_roctagon, layout_cave_shapes, enter_ziggurat_b, serial_shops,
          shop, hell_entry, grunt_pan_entry_spiral, serial_sigils,
          serial_sigils_hangedman_confine, serial_sigils_hangedman_clutch,
          serial_sigils_hangedman_stare, serial_sigils_hangedman_snap,
          nicolae_shop_fire_sale [nicolae_sub_dead_trees], uniq_grunn
Depths:3: minmay_the_grid_triangle_9x9_recursive_2_mashed
          [minmay_the_grid_triangle_9x9_prize_center,
          minmay_the_grid_triangle_9x9_stretched_checkered,
          minmay_the_grid_triangle_9x9_corrupted_corridor,
          minmay_the_grid_triangle_9x9_sparse_checkered], layout_gridlike,
          abyss_entry, serial_shops, shop, shop, grunt_mini_vestibule,
          uniq_norris, uniq_margery
Depths:4: grunt_crosshair, layout_gridville, muffindrake_ghost_dual_entry,
          hell_entry, minmay_shop_star
Zot:1:    evilmike_crystal_ball_defense, layout_onion
Zot:2:    layout_twisted_circle, grunt_megastairs_5
Zot:3:    dreamdust_zin_vs_xom, layout_gridlike, nzn_ghost_randoct
Zot:4:    circus_mu, layout_cathedral_of_symmetry, st_stairs_12
Zot:5:    layout_onion

Skill      XL: |  1  2  3  4  5  6  7  8  9 10 11 12 13 14 15 16 17 18 19 20 21 22 23 24 25 26 27 |
---------------+----------------------------------------------------------------------------------+-----
Stealth        | 2 3 4 6 8 10 14 16 | 16.1
Spellcasting   | 2 3 4 5 7 8 10 11 13 15 16 20 | 20.2
Poison Magic   | 2 3 |  3.0
Transmutations | 5 6 |  6.0
Fire Magic     | 1 5 6 9 10 11 14 16 18 21 | 21.2
Conjurations   | 2 3 5 7 10 15 18 21 | 21.2
Air Magic      | 1 2 |  2.0
Earth Magic    | 2 3 7 8 |  8.0
Dodging        | 4 7 9 10 12 13 15 | 15.0
Invocations    | 2 4 6 8 11 12 14 16 | 16.0
Fighting       | 2 4 5 6 8 9 10 12 14 15 19 | 19.1
Armour         | 1 2 3 5 6 |  6.0
Evocations     | 3 6 9 |  9.0
Necromancy     | 5 |  5.0

Action                     |  1- 3 |  4- 6 |  7- 9 | 10-12 | 13-15 | 16-18 | 19-21 | 22-24 | 25-27 || total
---------------------------+-------+-------+-------+-------+-------+-------+-------+-------+-------++-------
  Melee: Dagger            |     9 |     1 |       |       |       |       |       |       |       ||    10
         Short sword       |       |     8 |       |     1 |       |       |       |       |       ||     9
         Quarterstaff      |       |       |     9 |    34 |    90 |       |       |       |       ||   133
         Lajatang          |       |       |       |       |     2 |       |       |       |       ||     2
         Staff             |       |       |       |       |       |    15 |     3 |     9 |    11 ||    38
  Throw: Dart              |     6 |       |     2 |    23 |    43 |       |       |       |       ||    74
         Stone             |     1 |       |       |       |       |       |       |       |       ||     1
         Throwing net      |       |       |       |     1 |       |       |       |       |       ||     1
   Cast: Sting             |    55 |    31 |    58 |    93 |    40 |     5 |     2 |    22 |       ||   306
         Poisonous Vapours |       |    16 |   108 |   287 |   455 |   365 |   719 |   245 |   281 ||  2476
         Sandblast         |       |     5 |    44 |    26 |       |     2 |       |       |       ||    77
         Ignite Poison     |       |     4 |    58 |   147 |   259 |   184 |   329 |   115 |   151 ||  1247
         Passwall          |       |     1 |    19 |     1 |    19 |     7 |     1 |    11 |    19 ||    78
         Stone Arrow       |       |       |     3 |    98 |   178 |    14 |    51 |   172 |     5 ||   521
         Mephitic Cloud    |       |       |     1 |    14 |    23 |     2 |     5 |     1 |       ||    46
         Foxfire           |       |       |       |       |    48 |    12 |     6 |    53 |     3 ||   122
         Fireball          |       |       |       |       |   166 |   165 |   124 |   224 |    92 ||   771
         Starburst         |       |       |       |       |       |    65 |    43 |    32 |    36 ||   176
         Irradiate         |       |       |       |       |       |     2 |     3 |    17 |    10 ||    32
         Blink             |       |       |       |       |       |     1 |     2 |     1 |       ||     4
         Lee's Rapid Decon |       |       |       |       |       |       |   198 |   145 |    82 ||   425
         Borgnjor's Vile C |       |       |       |       |       |       |    15 |    91 |    96 ||   202
         Ignition          |       |       |       |       |       |       |       |   172 |   105 ||   277
         Bombard           |       |       |       |       |       |       |       |    84 |   248 ||   332
         Fire Storm        |       |       |       |       |       |       |       |       |   290 ||   290
 Invoke: Draw Summoning    |       |       |     1 |     6 |    16 |     5 |    18 |    18 |     8 ||    72
         Draw Destruction  |       |       |       |    17 |    36 |    18 |    31 |    50 |    15 ||   167
         Triple Draw       |       |       |       |       |     1 |       |       |       |     2 ||     3
         Stack Five        |       |       |       |       |     1 |       |       |       |     3 ||     4
         Deal Four         |       |       |       |       |     1 |     1 |       |       |       ||     2
         Draw Escape       |       |       |       |       |       |       |     1 |     1 |       ||     2
         Draw Stack        |       |       |       |       |       |       |       |       |    11 ||    11
  Evoke: Wand              |       |     5 |    17 |     7 |     3 |       |     8 |    30 |    71 ||   141
         Phantom mirror    |       |       |       |       |     1 |       |     1 |     1 |       ||     3
         Tin of tremorston |       |       |       |       |     1 |       |       |       |       ||     1
         Lightning rod     |       |       |       |       |       |       |     2 |       |       ||     2
         Phial of floods   |       |       |       |       |       |       |     1 |     1 |       ||     2
         Sack of spiders   |       |       |       |       |       |       |       |     1 |       ||     1
    Use: Scroll            |       |     5 |     8 |     5 |    13 |     7 |    10 |    18 |     8 ||    74
         Potion            |       |       |     3 |       |     7 |     5 |     2 |     9 |    13 ||    39
   Stab: Sleeping          |     1 |     1 |       |       |     1 |       |       |       |       ||     3
         Confused          |       |       |       |     2 |     4 |       |       |       |       ||     6
         Distracted        |       |       |       |       |     1 |     1 |       |       |       ||     2
 Armour: Robe              |     6 |    10 |     2 |       |       |       |       |       |       ||    18
         Steam dragon scal |       |       |    38 |    55 |   161 |   104 |   161 |   200 |   219 ||   938
         Skin              |       |       |       |       |       |       |       |     1 |       ||     1
  Dodge: Dodged            |    20 |    17 |    39 |   179 |   403 |   241 |   348 |   362 |   440 ||  2049
         Repelled          |       |       |       |       |       |     2 |    17 |     3 |       ||    22
  Block: Other             |     7 |    10 |    13 |    65 |    95 |    47 |    58 |    29 |       ||   324
         Reflection        |     1 |     3 |     3 |     2 |    12 |     2 |    21 |     7 |       ||    51

Table legend: (Time is in decaauts)
 A = Elapsed time spent in this place.
 B = Non-inter-level travel time spent in this place.
 C = Inter-level travel time spent in this place.
 D = Time resting spent in this place.
 E = Time spent auto-exploring this place.
 F = Levels seen in this place.
 G = Mean time per level.
                   A        B        C        D        E       F      G
               +--------+--------+--------+--------+--------+-----+--------+
         Total | 171316 | 164221 |   7095 |  95991 |  42192 |  59 | 2903.7 |
       Dungeon |  31485 |  29696 |   1789 |  13732 |   8981 |  15 | 2099.0 |
        Temple |      1 |      1 |      0 |      0 |      0 |   1 |    1.0 |
          Lair |  17647 |  16769 |    878 |   9720 |   4059 |   5 | 3529.4 |
        Shoals |   9545 |   9268 |    277 |   4388 |   3661 |   4 | 2386.2 |
   Spider Nest |  13665 |  12600 |   1065 |   7117 |   3640 |   4 | 3416.2 |
    Slime Pits |   9448 |   9141 |    307 |   6362 |   1686 |   5 | 1889.6 |
  Orcish Mines |   4962 |   4638 |    324 |   2007 |   1794 |   2 | 2481.0 |
   Elven Halls |   7534 |   7356 |    178 |   4647 |   1363 |   3 | 2511.3 |
        Vaults |  22239 |  21202 |   1037 |  12001 |   5678 |   5 | 4447.8 |
         Crypt |   9544 |   9468 |     76 |   6455 |   2031 |   3 | 3181.3 |
        Depths |  20925 |  20203 |    722 |  13776 |   3759 |   4 | 5231.2 |
           Zot |  21932 |  21493 |    439 |  14113 |   5294 |   5 | 4386.4 |
        Bailey |     23 |     23 |      0 |      4 |      0 |   1 |   23.0 |
        Wizlab |   1783 |   1783 |      0 |   1398 |    144 |   1 | 1783.0 |
      Gauntlet |    577 |    577 |      0 |    265 |     97 |   1 |  577.0 |
               +--------+--------+--------+--------+--------+-----+--------+

Top non-repeatable levels by time:
Depths:1: 6630 daAuts
Vaults:5: 5710 daAuts
Depths:2: 5259 daAuts
   Zot:4: 5223 daAuts
   Zot:5: 5198 daAuts
Vaults:3: 4917 daAuts
   Zot:1: 4745 daAuts
Depths:4: 4718 daAuts
Spider:3: 4639 daAuts
  Lair:4: 4481 daAuts
  Lair:2: 4463 daAuts
 Crypt:2: 4379 daAuts
Depths:3: 4316 daAuts
    D:12: 4260 daAuts
    D:10: 4147 daAuts
